| TOP OF THE 1ST |
|
Rochester Red Wings batting - Pitching for Columbus Clippers : RHP Jon Samer
|
|
Pitching: RHP Jon Samer
|
|
|
Batting: LHB Peer Derks
|
0-0: Called Strike 0-1: DOUBLE (Flyball, 78XD, EV 106.9 MPH)
|
|
Batting: RHB Jesse Scott
|
0-0: Called Strike 0-1: Ball 1-1: Ball 2-1: Foul Ball, location: 2F 2-2: Ball 3-2: Foul Ball, location: 2F 3-2: Foul Ball, location: 2F 3-2: Foul Ball, location: 2F 3-2: Base on Balls
|
|
Batting: RHB Hildo Pot
|
0-0: Ball 1-0: Ball 2-0: Ball 3-0: Base on Balls Peer Derks to third Jesse Scott to second
|
|
Batting: RHB Michel Martineau
|
0-0: Called Strike 0-1: Ball 1-1: Called Strike 1-2: Ball 2-2: Strikes out looking
|
|
Batting: SHB Aaron Tatar
|
0-0: Ball 1-0: Grounds into double play, 4-6-3 (Groundball, 34, EV 111.2 MPH)
|
| Top of the 1st over - 0 runs, 1 hit, 0 errors, 2 left on base; Rochester 0 - Columbus 0 |
| BOTTOM OF THE 1ST |
|
Columbus Clippers batting - Pitching for Rochester Red Wings : LHP Jim Storer
|
|
Pitching: LHP Jim Storer
|
|
|
Batting: RHB Rafael Medina
|
0-0: Called Strike 0-1: Ball 1-1: Ball 2-1: Ball 3-1: Called Strike 3-2: Base on Balls
|
|
Batting: RHB Miguel Trevino
|
0-0: Called Strike 0-1: SINGLE (Groundball, 13S, EV 69.4 MPH) (infield hit) Rafael Medina to second
|
|
Batting: RHB Jason Savage
|
0-0: Foul Ball, location: 2F 0-1: Ball 1-1: Swinging Strike 1-2: Strikes out swinging
|
|
Batting: RHB Chris Folse
|
0-0: Called Strike 0-1: SINGLE (Line Drive, 4D, EV 95.0 MPH) Rafael Medina to third Miguel Trevino to second Runner from 3rd tries for Home, SAFE, throw by CF to home
|
|
Batting: LHB Anthony Mosley
|
0-0: Foul Ball, location: 2F 0-1: Swinging Strike 0-2: Foul Ball, location: 2F 0-2: Ball 1-2: Ball 2-2: Foul Ball, location: 2F 2-2: Strikes out swinging
|
|
Batting: SHB Jonathan DeFranco
|
0-0: Swinging Strike 0-1: Foul Ball, location: 2F 0-2: Ball 1-2: Foul Ball, location: 2F 1-2: Ball 2-2: Ball 3-2: Ground out 5-3 (Groundball, 56, EV 98.1 MPH)
|
| Bottom of the 1st over - 1 run, 2 hits, 0 errors, 2 left on base; Rochester 0 - Columbus 1 |
| TOP OF THE 2ND |
|
Rochester Red Wings batting - Pitching for Columbus Clippers : RHP Jon Samer
|
|
Batting: SHB David Myles
|
0-0: Ball 1-0: Swinging Strike 1-1: Swinging Strike 1-2: Strikes out swinging
|
|
Batting: RHB Eric Narrow
|
0-0: Called Strike 0-1: Ball 1-1: Fly out, F9 (Flyball, 9, EV 89.4 MPH)
|
|
Batting: RHB Mario Taureda
|
0-0: Ball 1-0: Ground out U3 (Groundball, 34, EV 104.4 MPH)
|
| Top of the 2nd over - 0 runs, 0 hits, 0 errors, 0 left on base; Rochester 0 - Columbus 1 |
| BOTTOM OF THE 2ND |
|
Columbus Clippers batting - Pitching for Rochester Red Wings : LHP Jim Storer
|
|
Batting: LHB Doug Frampton
|
0-0: Ball 1-0: Ball 2-0: Ball 3-0: Base on Balls
|
|
Batting: RHB Nate Singleton
|
0-0: Swinging Strike 0-1: Foul Ball, location: 2F 0-2: Fielders Choice at 2nd, 6-4 (Groundball, 6M, EV 108.1 MPH)
|
|
Batting: SHB Danny Simmons
|
0-0: Called Strike 0-1: Ball 1-1: Ball 2-1: Ball 3-1: Called Strike 3-2: Foul Ball, location: 2F 3-2: Base on Balls Nate Singleton to second
|
|
Batting: RHB Rafael Medina
|
0-0: Swinging Strike 0-1: Foul Ball, location: 2F 0-2: Strikes out swinging
|
|
Batting: RHB Miguel Trevino
|
0-0: Ball 1-0: Called Strike 1-1: Fly out, F9 (Flyball, 9D, EV 84.4 MPH)
|
| Bottom of the 2nd over - 0 runs, 0 hits, 0 errors, 2 left on base; Rochester 0 - Columbus 1 |
| TOP OF THE 3RD |
|
Rochester Red Wings batting - Pitching for Columbus Clippers : RHP Jon Samer
|
|
Batting: RHB Bobby Blanchard
|
0-0: Foul Ball, location: 2F 0-1: Foul Ball, location: 2F 0-2: Strikes out swinging
|
|
Batting: LHB Peer Derks
|
0-0: Foul Ball, location: 2F 0-1: Called Strike 0-2: Fly out, F7 (Flyball, 7D, EV 100.6 MPH)
|
|
Batting: RHB Jesse Scott
|
0-0: Foul Ball, location: 2F 0-1: Ball 1-1: SINGLE (Groundball, 13S, EV 66.9 MPH) (infield hit)
|
|
Batting: RHB Hildo Pot
|
Pickoff Throw to First - Error! E1 Jesse Scott to second 0-0: Called Strike 0-1: Foul Ball, location: 2F 0-2: Ball 1-2: Foul Ball, location: 2F 1-2: Ball 2-2: Ground out 5-3 (Groundball, 5, EV 82.5 MPH)
|
| Top of the 3rd over - 0 runs, 1 hit, 1 error, 1 left on base; Rochester 0 - Columbus 1 |
| BOTTOM OF THE 3RD |
|
Columbus Clippers batting - Pitching for Rochester Red Wings : LHP Jim Storer
|
|
Batting: RHB Jason Savage
|
0-0: Called Strike 0-1: Ball 1-1: Ball 2-1: Ball 3-1: Swinging Strike 3-2: Foul Ball, location: 2F 3-2: Strikes out swinging
|
|
Batting: RHB Chris Folse
|
0-0: Foul Ball, location: 2F 0-1: Ground out 6-3 (Groundball, 6, EV 88.1 MPH)
|
|
Batting: LHB Anthony Mosley
|
0-0: Ball 1-0: Called Strike 1-1: Ball 2-1: Foul Ball, location: 2F 2-2: Strikes out swinging
|
| Bottom of the 3rd over - 0 runs, 0 hits, 0 errors, 0 left on base; Rochester 0 - Columbus 1 |
| TOP OF THE 4TH |
|
Rochester Red Wings batting - Pitching for Columbus Clippers : RHP Jon Samer
|
|
Batting: RHB Michel Martineau
|
0-0: Ball 1-0: Called Strike 1-1: Ball 2-1: Ball 3-1: Base on Balls
|
|
Batting: SHB Aaron Tatar
|
0-0: 2-RUN HOME RUN (Flyball, 89XD, EV 101.9 MPH), Distance : 406 ft
|
|
Batting: SHB David Myles
|
0-0: Fly out, F5 (Flyball, 5D, EV 78.8 MPH)
|
|
Batting: RHB Eric Narrow
|
0-0: Foul Ball, location: 2F 0-1: Foul Ball, location: 2F 0-2: Ball 1-2: Ball 2-2: Foul Ball, location: 2F 2-2: Strikes out swinging
|
|
Batting: RHB Mario Taureda
|
0-0: Ball 1-0: Called Strike 1-1: Foul Ball, location: 2F 1-2: Ball 2-2: Ground out U3 (Groundball, 3S, EV 83.1 MPH)
|
| Top of the 4th over - 2 runs, 1 hit, 0 errors, 0 left on base; Rochester 2 - Columbus 1 |
| BOTTOM OF THE 4TH |
|
Columbus Clippers batting - Pitching for Rochester Red Wings : LHP Jim Storer
|
|
Batting: SHB Jonathan DeFranco
|
0-0: Called Strike 0-1: Foul Ball, location: 2F 0-2: Foul Ball, location: 2F 0-2: Foul Ball, location: 2F 0-2: SINGLE (Groundball, 34D, EV 94.4 MPH)
|
|
Batting: LHB Doug Frampton
|
0-0: Called Strike 0-1: Ball 1-1: Foul Ball, location: 2F 1-2: Foul Ball, location: 2F 1-2: Foul Ball, location: 2F 1-2: Ball 2-2: Strikes out looking
|
|
Batting: RHB Nate Singleton
|
0-0: Called Strike 0-1: Called Strike 0-2: Fly out, F9 (Flyball, 89D, EV 95.0 MPH)
|
|
Batting: SHB Danny Simmons
|
0-0: Called Strike 0-1: Called Strike 0-2: Foul Ball, location: 2F 0-2: Ball 1-2: Foul Ball, location: 2F 1-2: Strikes out looking
|
| Bottom of the 4th over - 0 runs, 1 hit, 0 errors, 1 left on base; Rochester 2 - Columbus 1 |
| TOP OF THE 5TH |
|
Rochester Red Wings batting - Pitching for Columbus Clippers : RHP Jon Samer
|
|
Batting: RHB Bobby Blanchard
|
0-0: Ball 1-0: Ball 2-0: Swinging Strike 2-1: Swinging Strike 2-2: Strikes out swinging
|
|
Batting: LHB Peer Derks
|
0-0: Called Strike 0-1: Ball 1-1: Foul Ball, location: 2F 1-2: Ball 2-2: Ball 3-2: Fly out, F7 (Flyball, 7, EV 96.2 MPH)
|
|
Batting: RHB Jesse Scott
|
0-0: Ball 1-0: Called Strike 1-1: Ball 2-1: Ground out 5-3 (Groundball, 56S, EV 90.6 MPH)
|
| Top of the 5th over - 0 runs, 0 hits, 0 errors, 0 left on base; Rochester 2 - Columbus 1 |
| BOTTOM OF THE 5TH |
|
Columbus Clippers batting - Pitching for Rochester Red Wings : LHP Jim Storer
|
|
Batting: RHB Rafael Medina
|
0-0: Called Strike 0-1: Foul Ball, location: 2F 0-2: SINGLE (Line Drive, 89M, EV 107.5 MPH)
|
|
Batting: RHB Miguel Trevino
|
0-0: Ball 1-0: Fly out, F8 (Flyball, 89D, EV 93.8 MPH)
|
|
Batting: RHB Jason Savage
|
0-0: Ball Rafael Medina is caught stealing 2nd base 2-4 1-0: Swinging Strike 1-1: Foul Ball, location: 2F 1-2: Fly out, F9 (Flyball, 9LS, EV 90.6 MPH)
|
| Bottom of the 5th over - 0 runs, 1 hit, 0 errors, 0 left on base; Rochester 2 - Columbus 1 |
| TOP OF THE 6TH |
|
Rochester Red Wings batting - Pitching for Columbus Clippers : RHP Jon Samer
|
|
Batting: RHB Hildo Pot
|
0-0: Ball 1-0: Foul Ball, location: 2F 1-1: Ball 2-1: Foul Ball, location: 2F 2-2: Ball 3-2: SINGLE (Groundball, 4D, EV 105.0 MPH)
|
|
Batting: RHB Michel Martineau
|
0-0: Called Strike Hildo Pot steals 2nd base 0-1: Ground out 6-3 (Groundball, 6, EV 88.1 MPH) Hildo Pot to third
|
|
Batting: SHB Aaron Tatar
|
0-0: Ball 1-0: Swinging Strike 1-1: Swinging Strike 1-2: Fly out, F8 (Flyball, 8RS, EV 73.1 MPH)
|
|
Batting: SHB David Myles
|
0-0: SINGLE (Groundball, 4M, EV 108.8 MPH) (infield hit) Hildo Pot scores
|
|
Batting: RHB Eric Narrow
|
0-0: Called Strike David Myles steals 2nd base 0-1: Ground out 6-3 (Groundball, 6, EV 99.4 MPH)
|
| Top of the 6th over - 1 run, 2 hits, 0 errors, 1 left on base; Rochester 3 - Columbus 1 |
| BOTTOM OF THE 6TH |
|
Columbus Clippers batting - Pitching for Rochester Red Wings : LHP Jim Storer
|
|
Batting: RHB Chris Folse
|
0-0: Ground out 5-3 (Groundball, 56, EV 105.6 MPH)
|
|
Batting: LHB Anthony Mosley
|
0-0: Ball 1-0: SINGLE (Groundball, 4M, EV 86.9 MPH) (infield hit)
|
|
Pitching: RHP Matt Gray
|
|
|
Batting: SHB Jonathan DeFranco
|
0-0: Fielders Choice at 2nd, 6-4 (Groundball, 6, EV 85.0 MPH)
|
|
Batting: LHB Doug Frampton
|
0-0: Called Strike Jonathan DeFranco steals 2nd base 0-1: Foul Ball, location: 2F 0-2: Strikes out swinging
|
| Bottom of the 6th over - 0 runs, 1 hit, 0 errors, 1 left on base; Rochester 3 - Columbus 1 |
| TOP OF THE 7TH |
|
Rochester Red Wings batting - Pitching for Columbus Clippers : RHP Jon Samer
|
|
Batting: RHB Mario Taureda
|
0-0: Ground out 4-3 (Groundball, 4, EV 89.4 MPH)
|
|
Batting: RHB Bobby Blanchard
|
0-0: Fly out, F8 (Flyball, 8RXD, EV 105.0 MPH)
|
|
Batting: LHB Peer Derks
|
0-0: Foul Ball, location: 2F 0-1: Ball 1-1: Ball 2-1: Foul Ball, location: 2F 2-2: Foul Ball, location: 2F 2-2: Foul Ball, location: 2F 2-2: Strikes out swinging
|
| Top of the 7th over - 0 runs, 0 hits, 0 errors, 0 left on base; Rochester 3 - Columbus 1 |
| BOTTOM OF THE 7TH |
|
Columbus Clippers batting - Pitching for Rochester Red Wings : RHP Matt Gray
|
|
Batting: RHB Nate Singleton
|
0-0: Ball 1-0: Called Strike 1-1: Called Strike 1-2: Ball 2-2: Ball 3-2: Foul Ball, location: 2F 3-2: Base on Balls
|
|
Batting: SHB Danny Simmons
|
0-0: Called Strike 0-1: Ball 1-1: Foul Ball, location: 2F 1-2: Strikes out swinging
|
|
Batting: RHB Rafael Medina
|
0-0: Fly out, F4 (Popup, 4M, EV 63.8 MPH)
|
|
Batting: RHB Miguel Trevino
|
0-0: Ball 1-0: Ball 2-0: Ball 3-0: Base on Balls Nate Singleton to second
|
|
Batting: RHB Jason Savage
|
0-0: Ball 1-0: Ball 2-0: Ball 3-0: Called Strike 3-1: Fielders Choice at 2nd, 5-4 (Groundball, 56, EV 90.6 MPH)
|
| Bottom of the 7th over - 0 runs, 0 hits, 0 errors, 2 left on base; Rochester 3 - Columbus 1 |
| TOP OF THE 8TH |
|
Rochester Red Wings batting - Pitching for Columbus Clippers : RHP Jon Samer
|
|
Pitching: RHP Ryan DeMille
|
|
|
Batting: RHB Jesse Scott
|
0-0: Called Strike 0-1: DOUBLE (Flyball, 78D, EV 99.4 MPH)
|
|
Batting: RHB Hildo Pot
|
0-0: Fly out, F8 (Flyball, 89D, EV 87.5 MPH) Runner from 2nd tags up, SAFE at 3rd, no throw by CF
|
|
Batting: RHB Michel Martineau
|
0-0: Intentional Walk
|
|
Batting: SHB Aaron Tatar
|
0-0: Ball 1-0: Foul Ball, location: 2F 1-1: Swinging Strike 1-2: Strikes out swinging
|
|
Batting: SHB David Myles
|
0-0: Ball 1-0: Foul Ball, location: 2F 1-1: Ball 2-1: Ground out U3 (Groundball, 3, EV 75.6 MPH)
|
| Top of the 8th over - 0 runs, 1 hit, 0 errors, 2 left on base; Rochester 3 - Columbus 1 |
| BOTTOM OF THE 8TH |
|
Columbus Clippers batting - Pitching for Rochester Red Wings : RHP Matt Gray
|
|
Pitching: RHP Isidro Aguirre
|
|
|
Pinch Hitting: SHB Mike Gross
|
0-0: Ball 1-0: Ball 2-0: Ball 3-0: Swinging Strike 3-1: Foul Ball, location: 2F 3-2: Strikes out looking
|
|
Batting: LHB Anthony Mosley
|
0-0: Called Strike 0-1: Ball 1-1: Called Strike 1-2: Ball 2-2: Foul Ball, location: 2F 2-2: Foul Ball, location: 2F 2-2: Ball 3-2: SOLO HOME RUN (Flyball, 9LD, EV 98.1 MPH), Distance : 393 ft
|
|
Batting: SHB Jonathan DeFranco
|
0-0: Ball 1-0: Ground out 4-3 (Groundball, 34, EV 85.0 MPH)
|
|
Batting: LHB Doug Frampton
|
0-0: Foul Ball, location: 2F 0-1: Foul Ball, location: 2F 0-2: Ball 1-2: Foul Ball, location: 2F 1-2: Fly out, F8 (Line Drive, 8LM, EV 95.6 MPH)
|
| Bottom of the 8th over - 1 run, 1 hit, 0 errors, 0 left on base; Rochester 3 - Columbus 2 |
| TOP OF THE 9TH |
|
Rochester Red Wings batting - Pitching for Columbus Clippers : RHP Ryan DeMille
|
|
Now in CF: Anthony Mosley
|
|
|
Now in RF: David Schweitzer
|
|
|
Batting: RHB Eric Narrow
|
0-0: Ball 1-0: Swinging Strike 1-1: Called Strike 1-2: SINGLE (Groundball, 34S, EV 68.8 MPH) (infield hit)
|
|
Batting: RHB Mario Taureda
|
0-0: Ball Eric Narrow is caught stealing 2nd base 2-4 1-0: Called Strike 1-1: Foul Ball, location: 2F 1-2: Ball 2-2: Ground out U3 (Groundball, 13, EV 93.1 MPH)
|
|
Batting: RHB Bobby Blanchard
|
0-0: Ground out 4-3 (Groundball, 34D, EV 101.2 MPH)
|
| Top of the 9th over - 0 runs, 1 hit, 0 errors, 0 left on base; Rochester 3 - Columbus 2 |
| BOTTOM OF THE 9TH |
|
Columbus Clippers batting - Pitching for Rochester Red Wings : RHP Isidro Aguirre
|
|
Pitching: RHP Harry Pratt
|
|
|
Now at 1B: Alvin Wiederhold
|
|
|
Now at 3B: Kai Baker
|
|
|
Batting: RHB Nate Singleton
|
0-0: Called Strike 0-1: Called Strike 0-2: Ball 1-2: Ground out 6-3 (Groundball, 56, EV 83.1 MPH)
|
|
Batting: SHB Danny Simmons
|
0-0: Ball 1-0: Ball 2-0: Ball 3-0: Fly out, F4 (Flyball, 34D, EV 89.4 MPH)
|
|
Batting: RHB Rafael Medina
|
0-0: Ball 1-0: Foul Ball, location: 2F 1-1: Ground out 6-3 (Groundball, 6, EV 84.4 MPH)
|
| Bottom of the 9th over - 0 runs, 0 hits, 0 errors, 0 left on base; Rochester 3 - Columbus 2 |
|